Cogmind - Beta 13 X1 @@@ ROGUE MODE // 2023.08.20 @ 17:46:27 Player: f3-rnm Result: Destroyed by 4K-56W(R) with Subdweller Laser Performance ------------- Evolutions (0) 0 Regions Visited (3) 600 Robots Destroyed (29) 145 Value Destroyed (954) 954 Prototype IDs (0) 0 Alien Tech Used (0) 0 Bonus (85) 85 TOTAL SCORE: 1784 Bonus ------- Follower Combat Kills 85 Cogmind --------- Core Integrity 0/250 Matter 272/300 Energy 250/250 System Corruption 5% Temperature Cool (6) Movement Treading (160) Location -10/Subcaves Parts ------- > --- POWER (1) -------- Ion Engine > --- PROPULSION (2) --- Light Treads Spiked Treads > --- UTILITY (2) ------ Scrap Shield > --- WEAPON (2) ------- Assault Rifle Slug Cannon > --- INVENTORY (5) ---- Improved Heat Sink Light Armor Plating Subdweller Beam Cannon Rocket Launcher Peak State ------------ > --- POWER ------------ Improved Ion Engine > --- PROPULSION ------- Light Treads Spiked Treads > --- UTILITY ---------- Scrap Shield > --- WEAPON ----------- Subdweller Beam Cannon Heavy Assault Rifle > --- INVENTORY -------- Ion Engine Improved Heat Sink Assault Rifle [Rating: 13] Favorites ----------- Power Improved Ion Engine Engine Improved Ion Engine Propulsion Light Treads Treads Light Treads Leg Aluminum Leg Utility High-capacity Storage Unit Storage High-capacity Storage Unit Protection Light Armor Plating Weapon Medium Laser Energy Gun Medium Laser Energy Cannon Subdweller Beam Cannon Ballistic Gun Heavy Assault Rifle Ballistic Cannon Slug Cannon Build | -11 -10 -10 -10 ------- Run | Jun Mat Min Sub Slots Evolved . | . . . . Power . | . . . . Propulsion . | . . . . Utility . | . . . . Weapon . | . . . . Parts Attached 31 | 6 5 11 9 Power 5 | 1 . 2 2 Engine 5 | 1 . 2 2 Core . | . . . . Reactor . | . . . . Propulsion 7 | 2 . 4 1 Treads 6 | 2 . 3 1 Leg 1 | . . 1 . Wheel . | . . . . Hover . | . . . . Flight . | . . . . Utility 6 | 1 2 1 2 Device . | . . . . Storage 2 | 1 1 . . Processor . | . . . . Hackware . | . . . . Protection 4 | . 1 1 2 Artifact . | . . . . Weapon 13 | 2 3 4 4 Energy Gun 7 | 2 3 2 . Energy Cannon 2 | . . . 2 Ballistic Gun 3 | . . 2 1 Ballistic Cannon 1 | . . . 1 Launcher . | . . . . Special Weapon . | . . . . Impact Weapon . | . . . . Slashing Weapon . | . . . . Piercing Weapon . | . . . . Special Melee Weapon . | . . . . Unidentified Prototypes . | . . . . Parts Lost 8 | . 1 5 2 Power 2 | . . 1 1 Propulsion 2 | . . 2 . Utility 2 | . . 1 1 Weapon 2 | . 1 1 . Highest Loss Streak 1 | . 1 1 1 To Critical Strikes 1 | . . . 1 Average Slot Usage (%) 95 | . 94 98 92 Engine 13 | . 14 13 13 Treads 27 | . 28 26 28 Storage 12 | . 14 14 7 Protection 12 | . 9 12 14 Energy Gun 14 | . 28 17 . Energy Cannon 3 | . . . 12 Ballistic Gun 10 | . . 10 15 Naked Turns . | . . . . Heaviest Build 55 | 12 50 55 55 Greatest Support 40 | 40 40 40 40 Greatest Overweight (x) 2 | . 1 2 1 Average Overweight (x) . | . . 1 . Largest Inventory Capacity 20 | 8 20 20 20 Average Capacity 16 | 6 14 20 12 Most Carried 20 | 5 13 20 20 Average Carried 14 | 1 8 17 12 Final Capacity 20 | 8 20 20 5 Final Carried 18 | 2 13 18 4 Class Distribution -------------------- 68% | Mutant 19% | Scavenger-Mutant 12% | Subdweller-Mutant Dominant Class ---------------- Mutant | -10/Materials Mutant | -10/Mines Subdweller-Mutant | -10/Subcaves Resources | -11 -10 -10 -10 ----------- Run | Jun Mat Min Sub Matter Collected 674 | 257 50 201 166 Remotely . | . . . . Salvage Created 1170 | . 422 522 226 Parts 67 | . 26 26 15 Haulers Intercepted . | . . . . Recyclers Shooed . | . . . . Parts Field Recycled . | . . . . Retrieved Matter . | . . . . Parts Self-Destructed 2 | . . . 2 Prevented . | . . . . Kills | -11 -10 -10 -10 ------- Run | Jun Mat Min Sub Combat Hostiles Destroyed 27 | . 10 12 5 Guns 21 | . 8 12 1 Cannons 4 | . . . 4 AOE 1 | . 1 . . Classes Destroyed 8 | . 4 3 1 Builder 1 | . . 1 . Tunneler 1 | . 1 . . Watcher 2 | . 2 . . Swarmer 3 | . 3 . . Grunt 15 | . 7 8 . Sentry 3 | . . 2 1 Subdweller 4 | . . . 4 Assembled 2 | . . 2 . Best Kill Streak 4 | . 4 3 2 Combat Bots Only 3 | . 3 2 2 Max Kills in Single Turn 1 | . 1 1 1 Gunslinging . | . . . . Exploded 1 | . 1 . . Melee . | . . . . Uniques/NPCs Destroyed . | . . . . Combat | -11 -10 -10 -10 -------- Run | Jun Mat Min Sub Damage Taken 1973 | . 287 914 772 Core 257 | . 33 134 90 Absorbed by Shields . | . . . . Core Remaining (%) 100 | 100 . . . Volleys Fired 98 | . 28 47 23 Largest 2 | . 2 2 2 Hottest 160 | . 100 100 160 Shots Fired 185 | . 56 83 46 Gun 163 | . 56 83 24 Cannon 22 | . . . 22 Launcher . | . . . . Special . | . . . . Kinetic 43 | . . 17 26 Thermal 102 | . 16 66 20 Explosive . | . . . . Electromagnetic 40 | . 40 . . Robot Hit Streak 14 | . 9 7 14 Robot Miss Streak 4 | . 4 3 2 Penetration Max . | . . . . Secondary Targets 3 | . 2 1 . Max Gunslinging Chain 1 | . 1 1 . Shots Hit Robots 110 | . 36 46 28 Core Hits 53 | 1 18 28 6 Critical Kills . | . . . . Critical Parts Destroyed . | . . . . Critical Strikes 5 | . 1 4 . Burn 5 | . 1 4 . Melee Attacks . | . . . . Impact . | . . . . Slashing . | . . . . Piercing . | . . . . Sneak Attacks . | . . . . Combat Hostiles . | . . . . Follow-up Attacks . | . . . . Damage Inflicted 1869 | 2 649 691 527 Guns 1437 | . 521 684 232 Cannons 295 | . . . 295 Explosions 128 | . 128 . . Melee . | . . . . Ramming 9 | 2 . 7 . Kinetic 402 | . . 170 232 Thermal 1056 | . 247 514 295 Explosive . | . . . . Electromagnetic 402 | . 402 . . Impact . | . . . . Slashing . | . . . . Piercing . | . . . . Highest Corruption 5 | . . 5 5 Average Corruption 5 | . . 5 5 Corruption Purged . | . . . . Corruption Blocked . | . . . . Effects 60 | . . 30 30 Message Errors 22 | . . 11 11 Matter Fused 11 | . . 7 4 Heat Flow Errors 9 | . . 4 5 Energy Discharges 4 | . . 3 1 Parts Fused 1 | . . . 1 Data Loss (minor) 7 | . . 3 4 Data Loss (major) 3 | . . 1 2 Misfires 1 | . . . 1 Alerts 1 | . . . 1 Weapon Failures 1 | . . 1 . Overload Shots . | . . . . Overflow Damage . | . . . . Projectiles . | . . . . Explosions . | . . . . Melee . | . . . . Knockbacks . | . . . . Impact . | . . . . Kinetic . | . . . . Secondary . | . . . . Self-Inflicted Damage 11 | . 11 . . Shots 1 | . 1 . . Rammed 3 | 1 . 2 . Targets Rammed 3 | 1 . 2 . Kicked . | . . . . Crushed . | . . . . Highest Temperature 407 | . 264 407 257 Average Temperature 100 | . 70 118 80 Received Heat Transfer 1104 | . 114 495 495 Effects 5 | . . 5 . Shutdowns 1 | . . 1 . Energy Bleed 2 | . . 2 . Short Circuit 1 | . . 1 . Damage (minor) 1 | . . 1 . Siege Activations . | . . . . Robots Corrupted 1 | . 1 . . Combat Hostiles 1 | . 1 . . Parts Fried 2 | . 2 . . Impact Corruptions . | . . . . Robots Melted . | . . . . Combat Hostiles . | . . . . Parts Melted 2 | . 1 1 . Heat Transferred 2740 | . 557 1776 407 Parts Sabotaged . | . . . . Parts Stolen . | . . . . Parts Stripped . | . . . . Power Chain Reactions 2 | . 2 . . Missiles Intercepted . | . . . . Alert | -11 -10 -10 -10 ------- Run | Jun Mat Min Sub Peak Influence 259 | . 259 183 . Initial 53 | . . 53 . Average 57 | . 110 39 . Maximum Alert Level 1 | . 1 . . Low Security (%) 95 | 100 82 100 . Level 1 4 | . 17 . . Level 2 . | . . . . Level 3 . | . . . . Level 4 . | . . . . Level 5 . | . . . . High Security . | . . . . Max Security . | . . . . Squads Dispatched 2 | . 2 . . Investigation 1 | . 1 . . Extermination . | . . . . Reinforcement 1 | . 1 . . Assault . | . . . . Garrison . | . . . . Intercept . | . . . . Searches Triggered . | . . . . Construction Impeded . | . . . . Haulers Reinforced . | . . . . Active Scanning Responses . | . . . . Cargo Convoy Interrupts . | . . . . Stealth | -11 -10 -10 -10 --------- Run | Jun Mat Min Sub Distress Signals 1 | . 1 . . Communications Jammed . | . . . . Distress Signals . | . . . . Times Spotted 38 | . 15 17 6 Peak Tracking Total 3 | . 3 2 2 Tactical Retreats 2 | . . 2 . Traps | -11 -10 -10 -10 ------- Run | Jun Mat Min Sub Traps Triggered 1 | . 1 . . Indirectly . | . . . . Trap Hack Attempts . | . . . . Triggered . | . . . . Disarmed . | . . . . Reprogrammed . | . . . . Reused . | . . . . Traps Extracted . | . . . . Installed . | . . . . Triggered . | . . . . Machines | -11 -10 -10 -10 ---------- Run | Jun Mat Min Sub Machines Disabled 1 | . 1 . . Max in Single Turn 1 | . 1 . . Machines Repaired . | . . . . Machines Sabotaged . | . . . . Overloaded Fab Kills . | . . . . Hacking | -11 -10 -10 -10 --------- Run | Jun Mat Min Sub Machines Accessed 6 | . 4 2 . Terminals 5 | . 3 2 . Fabricators . | . . . . Repair Stations 1 | . 1 . . Recycling Units . | . . . . Scanalyzers . | . . . . Garrison Access . | . . . . Total Hacks 15 | . 11 4 . Successful 7 | . 4 3 . Failed 8 | . 7 1 . Catastrophic 1 | . 1 . . Database Lockouts . | . . . . Manual 12 | . 9 3 . Terminals 13 | . 9 4 . Fabricators . | . . . . Repair Stations 2 | . 2 . . Recycling Units . | . . . . Scanalyzers . | . . . . Garrison Access . | . . . . Terminal Hacks 6 | . 3 3 . Robot Analysis 2 | . 2 . . Patrol Status 1 | . . 1 . Hauler Manifests 1 | . 1 . . Zone Layout 2 | . . 2 . Fabricator Hacks . | . . . . Repair Station Hacks 1 | . 1 . . Refit 1 | . 1 . . Recycling Unit Hacks . | . . . . Scanalyzer . | . . . . Garrison Access Hacks . | . . . . Unauthorized Hacks . | . . . . Terminals . | . . . . Fabricators . | . . . . Repair Stations . | . . . . Recycling Units . | . . . . Scanalyzers . | . . . . Garrison Access . | . . . . Data Cores Recovered . | . . . . Used . | . . . . Hacking Detections 4 | . 3 1 . Full Trace Events . | . . . . Feedback Events . | . . . . Feedback Blocked . | . . . . Robot Schematics Acquired . | . . . . Robots Built . | . . . . Authchips . | . . . . Time . | . . . . Total Robot Build Rating . | . . . . Part Schematics Acquired . | . . . . Parts Built . | . . . . Authchips . | . . . . Time . | . . . . Total Part Build Rating . | . . . . Parts Repaired . | . . . . Time . | . . . . Parts Recycled . | . . . . Recycled Matter . | . . . . Retrieved Matter . | . . . . Retrieved Components . | . . . . Parts Scanalyzed . | . . . . Part Schematics Acquired . | . . . . Parts Damaged . | . . . . Bothacking | -11 -10 -10 -10 ------------ Run | Jun Mat Min Sub Used RIF Installer . | . . . . Robots Hacked . | . . . . Non-combat . | . . . . Combat . | . . . . Robot Hacks Applied . | . . . . Relay Couplers Released . | . . . . Fabnet Peak Effective % . | . . . . Robots Rewired . | . . . . Allies Hacked . | . . . . Hacks Repelled . | . . . . Allies | -11 -10 -10 -10 -------- Run | Jun Mat Min Sub Total Allies 2 | . . 2 . Largest Group 2 | . . 2 . Highest-Rated Group 32 | . . 32 . Highest-Rated Ally 16 | . . 16 . Total Orders . | . . . . Ally Attacks 25 | . . 25 . Total Damage 310 | . . 310 . Kills 3 | . . 3 . Allies Corrupted . | . . . . Allies Melted . | . . . . Intel | -11 -10 -10 -10 ------- Run | Jun Mat Min Sub Robot Analysis Total 2 | . 2 . . Derelict Logs Recovered 3 | . . 1 2 Drone Launches . | . . . . Drone Recoveries . | . . . . Exploration | -11 -10 -10 -10 ------------- Run | Jun Mat Min Sub Turns Passed 4043 | 82 769 2028 1164 Spaces Moved 1577 | 45 326 715 491 Core 7 | 7 . . . Treads 1570 | 38 326 715 491 Legs . | . . . . Wheels . | . . . . Hover . | . . . . Flight . | . . . . Fastest Speed 50 | 50 160 240 160 Average Speed 224 | 142 200 245 216 Slowest Speed 320 | 160 240 320 250 Overloaded Moves . | . . . . Propulsion Burnouts . | . . . . Robots Hopped . | . . . . Cave-ins Triggered . | . . . . Exploration Rate (%) 49 | 3 56 99 39 Regions Visited 3 Branch Regions 2 Pre-discovered Areas 3 | . . 2 1 Known Exits Taken . | . . . . Unknown Exits Taken 3 | 1 1 1 . Scrap Searched 3 | . . 1 2 Spaces Dug . | . . . . Terrain Destroyed 14 | . 12 . 2 Melee . | . . . . Projectile 2 | . . . 2 AOE 12 | . 12 . . Terrain Rammed . | . . . . Walls Destroyed . | . . . . Machines Disabled . | . . . . Actions | -11 -10 -10 -10 --------- Run | Jun Mat Min Sub Total 1894 | 62 383 900 549 Wait 133 | 3 13 114 3 Move 1574 | 44 325 714 491 Hop . | . . . . Pick Up 40 | 8 12 11 9 Fast Attach 2 | . . . 2 Attach 16 | 6 1 6 3 Detach . | . . . . Swap 13 | . 4 5 4 Drop 10 | . . 1 9 Fire 98 | . 28 47 23 Melee . | . . . . Ram . | . . . . Kick . | . . . . Crush 3 | 1 . 2 . Escape Stasis . | . . . . Rewire . | . . . . Trap . | . . . . Miscellaneous 5 | . . . 5 Route ------- -11/Junkyard -10/Materials (discovered 3 exits: [*Mat x2] / *Min) -10/Mines (discovered 4 exits: [*Mat x2] / [*Exi] / [*Sub]) -10/Subcaves History --------- Turn | Location | Event 3 | -11/Junkyard | Discovered new exit (range 15) 83 | -11/Junkyard | Entered Materials 301 | -10/Materials | Build established: Mutant 475 | -10/Materials | Discovered new exit (range 16) 617 | -10/Materials | Discovered new exit (range 14) 768 | -10/Materials | Discovered new exit (range 3) 852 | -10/Materials | Entered Mines 1097 | -10/Mines | Learned location of Zion (-6) 1327 | -10/Mines | Learned location of Storage (-7) 1397 | -10/Mines | Assembled infested the area 1461 | -10/Mines | Discovered new exit (range 8) 1505 | -10/Mines | Received a Rocket Launcher from a helpful Derelict 1754 | -10/Mines | Deemed a non-threat by the Exiles lab entrance 1754 | -10/Mines | Discovered new exit (range 5) 1907 | -10/Mines | Discovered new exit (range 9) 2056 | -10/Mines | Found a hidden stash of uninstalled traps 2143 | -10/Mines | Assisted by bots powering up and referring to "LRC-V3" 2323 | -10/Mines | Core integrity fell below 50% 2637 | -10/Mines | Build established: Scavenger-Mutant 2866 | -10/Mines | Discovered new exit (range 6) 2880 | -10/Mines | Entered Subcaves 2884 | -10/Subcaves | Shifting Twisted Machinery released Flamer 2940 | -10/Subcaves | Learned Materials non-interactive machine intel 2985 | -10/Subcaves | Learned 4 Materials zone layouts 3281 | -10/Subcaves | Met a Zionite searching for "candidates" 3426 | -10/Subcaves | Build established: Mutant 3796 | -10/Subcaves | Build established: Subdweller-Mutant 4015 | -10/Subcaves | Shifting Twisted Machinery released Sub. Shrapnel Launcher 4018 | -10/Subcaves | Shifting Twisted Machinery released Slug Cannon 4020 | -10/Subcaves | Core integrity fell below 20% 4044 | -10/Subcaves | Destroyed by 4K-56W(R) with Subdweller Laser Last Messages --------------- 03885_ System corrupted: Substantial component data lost. 03886_ Y-45 Defender destroyed. 03892_ Beam Rifle fries itself beyond repair. 03902_ Imp. Ion Engine fries itself beyond repair. 03904_ Acquired 10 matter. 03920_ JE%QCLCL/7 T JPI4V4A8OJCSEUG%K3=T7 03939_ System corrupted: Component data lost. 03954_ System corrupted: Heat flow error (+212). 03969_ Sub. Beam Cannon shoots sparks and powers down. 03985_ Dropped Broken Sub. Beam Cannon. 03997_ DY=P